Knights vs Sasquatch
Created - 23 mars 2016 at 23:39
Goals
|
| Knights |
0 |
1 |
1 |
2 |
| Sasquatch |
3 |
2 |
1 |
6 |
|
Shots
|
| Knights |
10 |
11 |
11 |
32 |
| Sasquatch |
12 |
11 |
16 |
39 |
|
1st period
1. Sasquatch , Linus Omark 35 (Mikael Backlund, Yann Sauvé) at 11:46
2. Sasquatch , D.J King 42 (Derek Stepan) at 16:21 (PP)
3. Sasquatch , D.J King 43 (Derek Stepan) at 19:54 (PP)
Penalties :
Chris Thorburn (Lon) for Hooking (Minor) at 14:47, Jimmy Hayes (Lon) for Holding (Minor) at 19:51, D.J King (Gat) for Tripping (Minor) at 0:00
2nd period
4. Sasquatch , Mikael Backlund 28 (Linus Omark) at 3:53 (PP)
5. Knights , Zack Hamill 40 (Jimmy Hayes, Eric Gelinas) at 7:46 (PP)
6. Sasquatch , Jason Akeson 12 (Mikael Backlund, Linus Omark) at 10:46
Penalties :
Nikita Nikitin (Lon) for Interference (Minor) at 3:00, Derek Stepan (Gat) for Roughing (Minor) at 7:15
3rd period
7. Knights , Joe Colborne 14 (Jason Zucker) at 3:01
8. Sasquatch , Cam Atkinson 26 (Yann Sauvé, Stephane Da Costa) at 12:25
Penalties :
Andrej Sustr (Gat) for Hooking (Minor) at 15:15
Goalie Stats
Mark Dekanich (Lon), 24 saves from 27 shots - (0,889), 40:06 minutes
Jacob Markstrom (Lon), 9 saves from 12 shots - (0,750), L, 31-26-1, 19:54 minutes
Braden Holtby (Gat), 30 saves from 32 shots - (0,938), W, 25-22-2, 60:00 minutes
Players Stats for Knights
Player Name G A P +/- PIM S H SB GA TA FO MP PP MP PK MP
------------------------------------------------------------------------------------
Aaron Palushaj 0 0 0 0 0 1 0 0 0 0 0/0 10:05 0:00 0:00
Chris Thorburn 0 0 0 -1 2 6 1 1 0 0 2/3 20:39 2:06 0:56
Eric Gelinas 0 1 1 -2 0 1 0 4 0 1 0/0 29:18 2:49 1:40
Garnet Exelby 0 0 0 -1 0 4 3 2 1 1 0/0 23:24 2:49 0:50
James Wright 0 0 0 -1 0 3 2 0 0 1 4/13 14:29 0:06 2:00
Jason Chimera 0 0 0 -1 0 1 3 0 1 1 0/1 19:44 2:06 0:00
Jason Zucker 0 1 1 0 0 1 3 0 0 0 0/0 12:29 2:21 0:00
Jimmy Hayes 0 1 1 0 2 4 3 0 2 0 0/0 15:11 2:18 0:00
Joe Colborne 1 0 1 0 0 4 1 0 0 0 4/4 10:05 0:00 0:00
Kevin Hayes 0 0 0 -1 0 2 0 0 0 0 0/0 12:23 0:03 0:00
Magnus Paajarvi-Svensson 0 0 0 -1 0 1 0 0 0 0 0/0 12:49 0:03 0:26
Michael Raffl 0 0 0 0 0 1 2 0 0 0 0/0 12:58 0:00 0:04
Michael Stone 0 0 0 0 0 0 0 0 1 0 0/0 11:51 0:00 0:00
Nicklas Grossman 0 0 0 1 0 0 1 2 0 1 0/0 12:44 0:00 0:50
Nikita Nikitin 0 0 0 -1 2 0 0 0 2 0 0/0 17:55 1:41 0:00
Tomas Kundratek 0 0 0 -1 0 1 0 1 0 0 0/0 24:47 1:41 1:40
Tyler Seguin 0 0 0 -1 0 0 1 0 1 0 14/25 20:10 2:06 0:26
Zack Hamill 1 0 1 0 0 2 2 0 1 0 10/16 16:26 2:21 1:08
Players Stats for Sasquatch
Player Name G A P +/- PIM S H SB GA TA FO MP PP MP PK MP
------------------------------------------------------------------------------------
Andrej Sustr 0 0 0 0 2 0 0 0 0 1 0/0 13:18 0:00 0:00
Arturs Kulda 0 0 0 0 0 1 5 0 0 1 0/0 26:46 1:47 3:03
Brock Trotter 0 0 0 1 0 0 0 0 0 0 0/0 12:58 0:00 0:55
Cam Atkinson 1 0 1 1 0 2 1 2 0 0 0/0 11:45 0:00 0:00
D.J King 2 0 2 0 2 8 2 0 1 1 1/3 20:32 1:24 1:56
Derek Stepan 0 2 2 0 2 5 0 0 0 1 15/33 19:11 1:24 0:41
Drew Shore 0 0 0 0 0 1 1 0 0 1 0/2 8:33 0:00 0:40
Filip Novak 0 0 0 0 0 2 0 2 2 0 0/0 26:46 1:47 3:03
James Livingstone 0 0 0 0 0 0 0 0 0 0 0/0 1:19 0:00 1:14
Jason Akeson 1 0 1 1 0 2 2 1 0 1 0/0 16:58 1:06 0:00
Jesper Fast 0 0 0 0 0 0 0 0 0 0 0/0 0:00 0:00 0:00
Josh Bailey 0 0 0 0 0 4 0 0 0 1 0/1 8:13 0:00 0:20
Linden Vey 0 0 0 0 0 1 0 0 0 0 0/0 7:53 0:00 0:00
Linus Omark 1 2 3 1 0 4 1 2 1 1 2/2 17:39 1:06 0:41
Michal Jordan 0 0 0 0 0 0 0 0 1 0 0/0 13:01 0:00 0:00
Mikael Backlund 1 2 3 1 0 4 2 0 0 1 8/11 16:58 1:06 0:00
Nick Leddy 0 0 0 2 0 0 1 0 0 0 0/0 20:13 0:43 1:27
Stephane Da Costa 0 1 1 1 0 1 1 1 0 0 0/3 11:45 0:00 0:00
Teemu Hartikainen 0 0 0 0 0 0 0 0 0 0 0/0 0:00 0:00 0:00
Vitali Yachmenev 0 0 0 0 0 3 0 1 0 0 2/7 21:27 1:24 2:33
Yann Sauvé 0 2 2 2 0 1 1 3 0 0 0/0 20:13 0:43 1:27
3 Stars
1 - Mikael Backlund (Gat)
2 - Linus Omark (Gat)
3 - D.J King (Gat)
Power Play
Knights - 1 on 3 Attempt(s) - 33,33%
Sasquatch - 3 on 3 Attempt(s) - 100,00%
Penalty Kill
Knights - 0 on 3 Attempt(s) - 0,00%
- Score 0 goal in Penalty Kill
Sasquatch - 2 on 3 Attempt(s) - 66,67%
- Score 0 goal in Penalty Kill
Team Stat
Knights - Hits : 22 - Faceoff Wins : 34 - Blocked Shots : 10 - Penalty Minutes : 6
Sasquatch - Hits : 17 - Faceoff Wins : 28 - Blocked Shots : 12 - Penalty Minutes : 6
Official
Referees : VanMassenhoven Don and Charron Francis
Linesman : Lyle Seitz and Derek Nansen
Game Notes
Mark Dekanich enters game at 19:54 of 1st period
2:19 of 3rd period - Sasquatch goal is going for a video replay. After video review, No Goal. The referee deems the play has been stopped, even if he had not physically had the opportunity to stop play by blowing his whistle.
Finance
Level 1 -- Attendance: 1415 (70,75%) -- Ticket Income 49 525 $
Level 2 -- Attendance: 667 (66,70%) -- Ticket Income 10 005 $
Total Attendance: 2082 (69,40%)
Total Ticket Income: 59 530 $
Other Income: 2 976 $
Total Income: 62 506 $
Knights
5 vs 5 Forward
Center Left Wing Right Wing Time % Phy DF OF
1 Tyler Seguin Jason Chimera Chris Thorburn 40 1 1 3
2 Zack Hamill Michael Raffl Jimmy Hayes 30 1 2 2
3 James Wright Magnus Paajarvi-Svensson Kevin Hayes 20 1 2 2
4 Joe Colborne Jason Zucker Aaron Palushaj 10 1 2 2
5 vs 5 Defense
Defense Defense Time % Phy DF OF
1 Tomas Kundratek Eric Gelinas 40 1 2 2
2 Nikita Nikitin Garnet Exelby 30 1 2 2
3 Nicklas Grossman Michael Stone 20 1 2 2
4 Garnet Exelby Eric Gelinas 10 1 2 2
PowerPlay Forward
Center Left Wing Right Wing Time % Phy DF OF
1 Zack Hamill Jason Zucker Jimmy Hayes 50 0 0 5
2 Tyler Seguin Jason Chimera Chris Thorburn 50 0 0 5
PowerPlay Defense
Defense Defense Time % Phy DF OF
1 Garnet Exelby Eric Gelinas 60 1 1 3
2 Tomas Kundratek Nikita Nikitin 40 1 1 3
Penalty Kill 4 Players Forward
Center Wing Time % Phy DF OF
1 James Wright Chris Thorburn 60 0 4 1
2 Joe Colborne Jason Chimera 40 0 4 1
Penalty Kill 4 Players Defense
Defense Defense Time % Phy DF OF
1 Tomas Kundratek Eric Gelinas 60 1 4 0
2 Garnet Exelby Nicklas Grossman 40 1 4 0
Penalty Kill - 3 Players Forward
Forward Time % Phy DF OF
1 James Wright 60 0 4 1
2 Joe Colborne 40 0 4 1
Penalty Kill - 3 Players Defense
Defense Defense Time % Phy DF OF
1 Tomas Kundratek Garnet Exelby 60 1 4 0
2 Tomas Kundratek Eric Gelinas 40 1 4 0
4 vs 4 Forward
Center Wing Time % Phy DF OF
1 Zack Hamill Jason Zucker 60 0 1 4
2 Tyler Seguin Chris Thorburn 40 0 1 4
4 vs 4 Defense
Defense Defense Time % Phy DF OF
1 Eric Gelinas Nikita Nikitin 60 1 2 2
2 Garnet Exelby Tomas Kundratek 40 1 2 2
Last Minutes Offensive
Center Left Wing Right Wing Defense Defense
Zack Hamill Tyler Seguin Chris Thorburn Eric Gelinas Garnet Exelby
Last Minutes Defensive
Center Left Wing Right Wing Defense Defense
James Wright Jason Chimera Chris Thorburn Eric Gelinas Garnet Exelby
Goaltenders
Starting : Jacob Markstrom
Backup : Mark Dekanich
Extra Forwards
Normal : Tyler Seguin, Zack Hamill, James Wright - PP : James Wright, Zack Hamill - PK : Zack Hamill
Extra Defensemen
Normal : Garnet Exelby, Eric Gelinas, Tomas Kundratek - PP : Garnet Exelby - PK : Garnet Exelby, Eric Gelinas
Penalty Shots
Joe Colborne, Tyler Seguin, Jason Chimera, James Wright, Zack Hamill
Sasquatch
5 vs 5 Forward
Center Left Wing Right Wing Time % Phy DF OF
1 Derek Stepan D.J King Vitali Yachmenev 40 1 2 2
2 Mikael Backlund Linus Omark Jason Akeson 30 1 2 2
3 Stephane Da Costa Brock Trotter Cam Atkinson 20 1 2 2
4 Drew Shore Josh Bailey Linden Vey 10 1 2 2
5 vs 5 Defense
Defense Defense Time % Phy DF OF
1 Filip Novak Arturs Kulda 40 1 2 2
2 Yann Sauvé Nick Leddy 30 1 2 2
3 Andrej Sustr Michal Jordan 20 1 2 2
4 Filip Novak Arturs Kulda 10 1 2 2
PowerPlay Forward
Center Left Wing Right Wing Time % Phy DF OF
1 Derek Stepan D.J King Vitali Yachmenev 60 1 2 2
2 Mikael Backlund Linus Omark Jason Akeson 40 1 2 2
PowerPlay Defense
Defense Defense Time % Phy DF OF
1 Filip Novak Arturs Kulda 60 1 2 2
2 Yann Sauvé Nick Leddy 40 1 2 2
Penalty Kill 4 Players Forward
Center Wing Time % Phy DF OF
1 Vitali Yachmenev D.J King 60 1 2 2
2 Linus Omark Derek Stepan 40 1 2 2
Penalty Kill 4 Players Defense
Defense Defense Time % Phy DF OF
1 Filip Novak Arturs Kulda 60 1 2 2
2 Yann Sauvé Nick Leddy 40 1 2 2
Penalty Kill - 3 Players Forward
Forward Time % Phy DF OF
1 Vitali Yachmenev 60 1 2 2
2 D.J King 40 1 2 2
Penalty Kill - 3 Players Defense
Defense Defense Time % Phy DF OF
1 Filip Novak Arturs Kulda 60 1 2 2
2 Yann Sauvé Nick Leddy 40 1 2 2
4 vs 4 Forward
Center Wing Time % Phy DF OF
1 Vitali Yachmenev D.J King 60 1 2 2
2 Linus Omark Derek Stepan 40 1 2 2
4 vs 4 Defense
Defense Defense Time % Phy DF OF
1 Filip Novak Arturs Kulda 60 1 2 2
2 Yann Sauvé Nick Leddy 40 1 2 2
Last Minutes Offensive
Center Left Wing Right Wing Defense Defense
Derek Stepan D.J King Vitali Yachmenev Filip Novak Arturs Kulda
Last Minutes Defensive
Center Left Wing Right Wing Defense Defense
Derek Stepan D.J King Vitali Yachmenev Filip Novak Arturs Kulda
Goaltenders
Starting : Braden Holtby
Backup : Jake Allen
Extra Forwards
Normal : Teemu Hartikainen, Jesper Fast, James Livingstone - PP : Teemu Hartikainen, Jesper Fast - PK : James Livingstone
Extra Defensemen
Normal : Andrej Sustr, Michal Jordan, Yann Sauvé - PP : Andrej Sustr - PK : Michal Jordan, Yann Sauvé
Penalty Shots
Vitali Yachmenev, D.J King, Linus Omark, Derek Stepan, Mikael Backlund
% Time on Ice - Knights
Lines # - Real PCT - Wanted PCT - Time Play
Normal Forward
1 - 34% - 40% - 17:58
2 - 24% - 30% - 12:54
3 - 23% - 20% - 12:03
4 - 19% - 10% - 10:05
Normal Defense
1 - 40% - 40% - 21:23
2 - 31% - 30% - 16:15
3 - 22% - 20% - 11:51
4 - 7% - 10% - 3:31
PP Forward
1 - 53% - 50% - 2:24
2 - 47% - 50% - 2:06
PP Defense
1 - 63% - 60% - 2:49
2 - 37% - 40% - 1:41
PK Forward
1 - 100% - 60% - 2:30
2 - 0% - 40% - 0:00
PK Defense
1 - 67% - 60% - 1:40
2 - 33% - 40% - 0:50
PK3 Forward
1 - 0% - 60%
2 - 0% - 40%
PK3 Defense
1 - 0% - 60%
2 - 0% - 40%
44 Forward
1 - 0% - 60%
2 - 0% - 40%
44 Defense
1 - 0% - 60%
2 - 0% - 40%
Last Minute Offensive - 0:00
Last Minute Defensive - 0:00
Total
Forward - 60:00
Defense - 60:00
|
% Time on Ice - Sasquatch
Lines # - Real PCT - Wanted PCT - Time Play
Normal Forward
1 - 33% - 40% - 17:30
2 - 30% - 30% - 15:52
3 - 22% - 20% - 11:45
4 - 15% - 10% - 7:53
Normal Defense
1 - 37% - 40% - 19:43
2 - 34% - 30% - 18:03
3 - 25% - 20% - 13:01
4 - 4% - 10% - 2:13
PP Forward
1 - 56% - 60% - 1:24
2 - 44% - 40% - 1:06
PP Defense
1 - 71% - 60% - 1:47
2 - 29% - 40% - 0:43
PK Forward
1 - 85% - 60% - 3:49
2 - 15% - 40% - 0:41
PK Defense
1 - 68% - 60% - 3:03
2 - 32% - 40% - 1:27
PK3 Forward
1 - 0% - 60%
2 - 0% - 40%
PK3 Defense
1 - 0% - 60%
2 - 0% - 40%
44 Forward
1 - 0% - 60%
2 - 0% - 40%
44 Defense
1 - 0% - 60%
2 - 0% - 40%
Last Minute Offensive - 0:00
Last Minute Defensive - 0:00
Total
Forward - 60:00
Defense - 60:00
|
Play by Play
1st period
0:01 of 1st period - Derek Stepan wins face-off versus Tyler Seguin in neutral zone.
0:40 of 1st period - Off-side.
0:41 of 1st period - Mikael Backlund wins face-off versus Zack Hamill in neutral zone.
1:37 of 1st period - Backhand shot by D.J King.
1:37 of 1st period - Stopped by Jacob Markstrom with a rebound.
1:54 of 1st period - Snap shot by Brock Trotter.
1:54 of 1st period - Shot Misses the Net.
2:00 of 1st period - Stephane Da Costa is hit by Jimmy Hayes.
2:14 of 1st period - Wrist shot by Linus Omark.
2:14 of 1st period - Stopped by Jacob Markstrom without a rebound.
2:15 of 1st period - Vitali Yachmenev wins face-off versus Jason Chimera in Knights zone.
3:09 of 1st period - Snap shot by Brock Trotter.
3:09 of 1st period - Shot Misses the Net.
4:02 of 1st period - Icing by Mikael Backlund.
4:03 of 1st period - Zack Hamill wins face-off versus Mikael Backlund in Sasquatch zone.
4:33 of 1st period - Wrist shot by Mikael Backlund.
4:33 of 1st period - Shot Misses the Net.
4:35 of 1st period - Slapshot by Nick Leddy.
4:35 of 1st period - Shot Hit the Post.
4:37 of 1st period - Backhand shot by Jason Akeson.
4:37 of 1st period - Deflect By Mikael Backlund.
4:37 of 1st period - Stopped by Jacob Markstrom without a rebound.
4:38 of 1st period - Derek Stepan wins face-off versus James Wright in Knights zone.
5:03 of 1st period - Garnet Exelby is hit by Arturs Kulda and loses puck.
5:15 of 1st period - Off-side.
5:16 of 1st period - Derek Stepan wins face-off versus Tyler Seguin in neutral zone.
5:41 of 1st period - Arturs Kulda is hit by Michael Raffl and loses puck.
6:24 of 1st period - Garnet Exelby is hit by Drew Shore and loses puck.
6:32 of 1st period - Icing by Nick Leddy.
6:33 of 1st period - Tyler Seguin wins face-off versus Drew Shore in Sasquatch zone.
6:34 of 1st period - Snap shot by Chris Thorburn.
6:34 of 1st period - Stopped by Braden Holtby without a rebound.
6:35 of 1st period - D.J King wins face-off versus Tyler Seguin in Sasquatch zone.
7:19 of 1st period - Snap shot by Joe Colborne.
7:19 of 1st period - Stopped by Braden Holtby with a rebound.
7:41 of 1st period - Wrist shot by James Wright.
7:41 of 1st period - Shot Misses the Net.
7:43 of 1st period - Snap shot by Garnet Exelby.
7:43 of 1st period - Stopped by Braden Holtby without a rebound.
7:44 of 1st period - Derek Stepan wins face-off versus James Wright in Sasquatch zone.
8:11 of 1st period - Nikita Nikitin is hit by Cam Atkinson.
8:19 of 1st period - Wrist shot by James Wright.
8:19 of 1st period - Shot Blocked by Stephane Da Costa.
8:54 of 1st period - Drew Shore is hit by Tyler Seguin.
9:00 of 1st period - Filip Novak is hit by Jason Chimera and loses puck.
9:19 of 1st period - Wrist shot by D.J King.
9:19 of 1st period - Shot Blocked by Eric Gelinas.
9:21 of 1st period - Slapshot by Filip Novak.
9:21 of 1st period - Shot Misses the Net.
9:39 of 1st period - Wrist shot by Eric Gelinas.
9:39 of 1st period - Deflect By Joe Colborne.
9:39 of 1st period - Stopped by Braden Holtby with a rebound.
10:05 of 1st period - Tomas Kundratek is hit by Linus Omark and loses puck.
10:12 of 1st period - Tomas Kundratek is hit by Mikael Backlund and loses puck.
10:35 of 1st period - Wrist shot by Chris Thorburn.
10:35 of 1st period - Shot Blocked by Yann Sauvé.
10:47 of 1st period - Wrist shot by Linus Omark.
10:47 of 1st period - Stopped by Jacob Markstrom with a rebound.
11:03 of 1st period - Snap shot by Linus Omark.
11:03 of 1st period - Shot Misses the Net.
11:36 of 1st period - Slapshot by Chris Thorburn.
11:36 of 1st period - Shot Misses the Net.
11:42 of 1st period - Tyler Seguin is hit by Jason Akeson.
11:46 of 1st period - Slapshot by Mikael Backlund.
11:46 of 1st period - Deflect By Linus Omark.
11:46 of 1st period - Goal by Linus Omark - Knights : 0 - Sasquatch : 1.
11:47 of 1st period - Zack Hamill wins face-off versus Derek Stepan in neutral zone.
12:25 of 1st period - Wrist shot by Joe Colborne.
12:25 of 1st period - Shot Blocked by Filip Novak.
12:47 of 1st period - Snap shot by Drew Shore.
12:47 of 1st period - Shot Misses the Net.
12:49 of 1st period - Slapshot by Filip Novak.
12:49 of 1st period - Stopped by Jacob Markstrom without a rebound.
12:50 of 1st period - Derek Stepan wins face-off versus Zack Hamill in Knights zone.
13:24 of 1st period - Wrist shot by Michael Raffl.
13:24 of 1st period - Shot Blocked by Cam Atkinson.
13:26 of 1st period - Wrist shot by James Wright.
13:26 of 1st period - Stopped by Braden Holtby without a rebound.
13:27 of 1st period - James Wright wins face-off versus Stephane Da Costa in Sasquatch zone.
13:30 of 1st period - Slapshot by Magnus Paajarvi-Svensson.
13:30 of 1st period - Shot Misses the Net.
13:42 of 1st period - James Wright is hit by Arturs Kulda and loses puck.
13:55 of 1st period - Backhand shot by Linden Vey.
13:55 of 1st period - Shot Misses the Net.
14:34 of 1st period - Snap shot by Michael Raffl.
14:34 of 1st period - Shot Misses the Net.
14:47 of 1st period - Minor Penalty to Chris Thorburn for Hooking.
14:48 of 1st period - Derek Stepan wins face-off versus James Wright in Knights zone.
15:18 of 1st period - Arturs Kulda is hit by Nicklas Grossman and loses puck.
15:44 of 1st period - Icing by Nick Leddy.
15:45 of 1st period - Zack Hamill wins face-off versus Mikael Backlund in Sasquatch zone.
15:46 of 1st period - Snap shot by Michael Raffl.
15:46 of 1st period - Stopped by Braden Holtby without a rebound.
15:47 of 1st period - Mikael Backlund wins face-off versus James Wright in Sasquatch zone.
15:54 of 1st period - Tomas Kundratek is hit by Arturs Kulda and loses puck.
16:11 of 1st period - Slapshot by Linus Omark.
16:11 of 1st period - Stopped by Jacob Markstrom with a rebound.
16:13 of 1st period - Slapshot by Yann Sauvé.
16:13 of 1st period - Stopped by Jacob Markstrom without a rebound.
16:14 of 1st period - Derek Stepan wins face-off versus James Wright in Knights zone.
16:15 of 1st period - Snap shot by D.J King.
16:15 of 1st period - Stopped by Jacob Markstrom with a rebound.
16:21 of 1st period - Slapshot by D.J King.
16:21 of 1st period - Goal by D.J King - Knights : 0 - Sasquatch : 2.
16:22 of 1st period - Derek Stepan wins face-off versus Tyler Seguin in neutral zone.
16:24 of 1st period - Off-side.
16:25 of 1st period - Derek Stepan wins face-off versus Tyler Seguin in neutral zone.
16:32 of 1st period - Wrist shot by Vitali Yachmenev.
16:32 of 1st period - Stopped by Jacob Markstrom without a rebound.
16:33 of 1st period - Tyler Seguin wins face-off versus Derek Stepan in Knights zone.
17:05 of 1st period - Wrist shot by Zack Hamill.
17:05 of 1st period - Shot Misses the Net.
17:25 of 1st period - Backhand shot by Stephane Da Costa.
17:25 of 1st period - Shot Misses the Net.
17:43 of 1st period - Wrist shot by James Wright.
17:43 of 1st period - Stopped by Braden Holtby without a rebound.
17:44 of 1st period - James Wright wins face-off versus Derek Stepan in Sasquatch zone.
17:53 of 1st period - Snap shot by Magnus Paajarvi-Svensson.
17:53 of 1st period - Shot Misses the Net.
18:09 of 1st period - Filip Novak is hit by Chris Thorburn and loses puck.
18:20 of 1st period - Snap shot by Jason Chimera.
18:20 of 1st period - Stopped by Braden Holtby without a rebound.
18:21 of 1st period - Derek Stepan wins face-off versus Zack Hamill in Sasquatch zone.
18:36 of 1st period - Slapshot by D.J King.
18:36 of 1st period - Shot Blocked by Garnet Exelby.
18:56 of 1st period - Snap shot by Chris Thorburn.
18:56 of 1st period - Stopped by Braden Holtby without a rebound.
18:57 of 1st period - Tyler Seguin wins face-off versus Stephane Da Costa in Sasquatch zone.
19:31 of 1st period - Wrist shot by Jimmy Hayes.
19:31 of 1st period - Stopped by Braden Holtby without a rebound.
19:32 of 1st period - Tyler Seguin wins face-off versus Derek Stepan in Sasquatch zone.
19:35 of 1st period - Wrist shot by Jason Chimera.
19:35 of 1st period - Shot Misses the Net.
19:46 of 1st period - Off-side.
19:47 of 1st period - Mikael Backlund wins face-off versus Zack Hamill in neutral zone.
19:51 of 1st period - Minor Penalty to Jimmy Hayes for Holding.
19:52 of 1st period - Derek Stepan wins face-off versus James Wright in Knights zone.
19:54 of 1st period - Snap shot by D.J King.
19:54 of 1st period - Goal by D.J King - Knights : 0 - Sasquatch : 3.
19:54 of 1st period - Mark Dekanich enters game.
19:55 of 1st period - Zack Hamill wins face-off versus Derek Stepan in neutral zone.
0:00 of 2nd period - Minor Penalty to D.J King for Tripping.
Goals for this period are 0 for Knights vs 3 for Sasquatch.
Shots for this period are 10 for Knights vs 12 for Sasquatch.
2nd period
0:01 of 2nd period - Vitali Yachmenev wins face-off versus Zack Hamill in neutral zone.
0:10 of 2nd period - Slapshot by D.J King.
0:10 of 2nd period - Stopped by Mark Dekanich with a rebound.
0:33 of 2nd period - Snap shot by Jimmy Hayes.
0:33 of 2nd period - Stopped by Braden Holtby with a rebound.
0:35 of 2nd period - Slapshot by Garnet Exelby.
0:35 of 2nd period - Stopped by Braden Holtby with a rebound.
0:37 of 2nd period - Slapshot by Zack Hamill.
0:37 of 2nd period - Stopped by Braden Holtby with a rebound.
0:39 of 2nd period - Slapshot by Garnet Exelby.
0:39 of 2nd period - Stopped by Braden Holtby without a rebound.
0:40 of 2nd period - Tyler Seguin wins face-off versus Vitali Yachmenev in Sasquatch zone.
2:00 of 2nd period - Penalty to D.J King is over, D.J King is back on ice.
2:04 of 2nd period - Off-side.
2:05 of 2nd period - Linus Omark wins face-off versus James Wright in neutral zone.
2:12 of 2nd period - Snap shot by Linus Omark.
2:12 of 2nd period - Shot Misses the Net.
2:32 of 2nd period - Snap shot by Joe Colborne.
2:32 of 2nd period - Shot Blocked by Cam Atkinson.
3:00 of 2nd period - Minor Penalty to Nikita Nikitin for Interference.
3:01 of 2nd period - James Wright wins face-off versus D.J King in Knights zone.
3:13 of 2nd period - Icing by Arturs Kulda.
3:14 of 2nd period - James Wright wins face-off versus Derek Stepan in Sasquatch zone.
3:15 of 2nd period - Snap shot by Chris Thorburn.
3:15 of 2nd period - Stopped by Braden Holtby with a rebound.
3:37 of 2nd period - Slapshot by Vitali Yachmenev.
3:37 of 2nd period - Shot Blocked by Chris Thorburn.
3:39 of 2nd period - Wrist shot by D.J King.
3:39 of 2nd period - Shot Misses the Net.
3:43 of 2nd period - Slapshot by Derek Stepan.
3:43 of 2nd period - Stopped by Mark Dekanich without a rebound.
3:44 of 2nd period - Mikael Backlund wins face-off versus James Wright in Knights zone.
3:53 of 2nd period - Snap shot by Linus Omark.
3:53 of 2nd period - Deflect By Mikael Backlund.
3:53 of 2nd period - Goal by Mikael Backlund - Knights : 0 - Sasquatch : 4.
3:54 of 2nd period - Tyler Seguin wins face-off versus Derek Stepan in neutral zone.
5:32 of 2nd period - Wrist shot by Vitali Yachmenev.
5:32 of 2nd period - Stopped by Mark Dekanich with a rebound.
6:16 of 2nd period - Wrist shot by Joe Colborne.
6:16 of 2nd period - Deflect By Arturs Kulda.
6:16 of 2nd period - Stopped by Braden Holtby without a rebound.
6:17 of 2nd period - Derek Stepan wins face-off versus Tyler Seguin in Sasquatch zone.
6:30 of 2nd period - Slapshot by Derek Stepan.
6:30 of 2nd period - Stopped by Mark Dekanich with a rebound.
6:52 of 2nd period - Snap shot by Josh Bailey.
6:52 of 2nd period - Stopped by Mark Dekanich with a rebound.
6:54 of 2nd period - Slapshot by Arturs Kulda.
6:54 of 2nd period - Stopped by Mark Dekanich with a rebound.
7:10 of 2nd period - Snap shot by Jimmy Hayes.
7:10 of 2nd period - Stopped by Braden Holtby without a rebound.
7:11 of 2nd period - Zack Hamill wins face-off versus Derek Stepan in Sasquatch zone.
7:15 of 2nd period - Minor Penalty to Derek Stepan for Roughing.
7:16 of 2nd period - Tyler Seguin wins face-off versus Vitali Yachmenev in Sasquatch zone.
7:32 of 2nd period - Snap shot by Chris Thorburn.
7:32 of 2nd period - Deflect By Jason Chimera.
7:32 of 2nd period - Shot Misses the Net.
7:32 of 2nd period - Puck is out of play.
7:33 of 2nd period - Zack Hamill wins face-off versus Vitali Yachmenev in Sasquatch zone.
7:34 of 2nd period - Wrist shot by Jimmy Hayes.
7:34 of 2nd period - Shot Hit the Post.
7:42 of 2nd period - Backhand shot by Jimmy Hayes.
7:42 of 2nd period - Stopped by Braden Holtby with a rebound.
7:44 of 2nd period - Backhand shot by Zack Hamill.
7:44 of 2nd period - Shot Misses the Net.
7:46 of 2nd period - Wrist shot by Zack Hamill.
7:46 of 2nd period - Goal by Zack Hamill - Knights : 1 - Sasquatch : 4.
7:47 of 2nd period - Chris Thorburn wins face-off versus Derek Stepan in neutral zone.
8:14 of 2nd period - Zack Hamill is hit by Arturs Kulda and loses puck.
8:23 of 2nd period - Slapshot by Mikael Backlund.
8:23 of 2nd period - Deflect By Linus Omark.
8:23 of 2nd period - Shot Misses the Net.
8:23 of 2nd period - Puck is out of play.
8:24 of 2nd period - Tyler Seguin wins face-off versus Derek Stepan in Knights zone.
8:49 of 2nd period - Yann Sauvé is hit by Jimmy Hayes and loses puck.
9:31 of 2nd period - Off-side.
9:32 of 2nd period - Joe Colborne wins face-off versus Derek Stepan in neutral zone.
9:45 of 2nd period - Slapshot by Joe Colborne.
9:45 of 2nd period - Shot Blocked by Vitali Yachmenev.
9:58 of 2nd period - Off-side.
9:59 of 2nd period - Mikael Backlund wins face-off versus Tyler Seguin in neutral zone.
10:42 of 2nd period - Snap shot by Linus Omark.
10:42 of 2nd period - Deflect By Mikael Backlund.
10:42 of 2nd period - Stopped by Mark Dekanich with a rebound.
10:44 of 2nd period - Snap shot by Jason Akeson.
10:44 of 2nd period - Stopped by Mark Dekanich with a rebound.
10:46 of 2nd period - Backhand shot by Jason Akeson.
10:46 of 2nd period - Goal by Jason Akeson - Knights : 1 - Sasquatch : 5.
10:47 of 2nd period - Derek Stepan wins face-off versus Tyler Seguin in neutral zone.
11:18 of 2nd period - Jimmy Hayes is hit by Stephane Da Costa and loses puck.
11:44 of 2nd period - Wrist shot by James Wright.
11:44 of 2nd period - Shot Blocked by Yann Sauvé.
11:46 of 2nd period - Snap shot by Kevin Hayes.
11:46 of 2nd period - Stopped by Braden Holtby with a rebound.
11:58 of 2nd period - Slapshot by Nick Leddy.
11:58 of 2nd period - Shot Blocked by Eric Gelinas.
12:16 of 2nd period - Drew Shore is hit by Zack Hamill and loses puck.
12:43 of 2nd period - Snap shot by Chris Thorburn.
12:43 of 2nd period - Stopped by Braden Holtby with a rebound.
13:24 of 2nd period - Wrist shot by Stephane Da Costa.
13:24 of 2nd period - Shot Misses the Net.
14:39 of 2nd period - Michael Stone is hit by Arturs Kulda and loses puck.
14:50 of 2nd period - James Wright is hit by Mikael Backlund and loses puck.
15:14 of 2nd period - Stephane Da Costa is hit by James Wright and loses puck.
15:49 of 2nd period - Snap shot by Stephane Da Costa.
15:49 of 2nd period - Deflect By Garnet Exelby.
15:49 of 2nd period - Stopped by Mark Dekanich without a rebound.
15:50 of 2nd period - Chris Thorburn wins face-off versus Derek Stepan in Knights zone.
16:26 of 2nd period - Icing by Tomas Kundratek.
16:27 of 2nd period - Linus Omark wins face-off versus Chris Thorburn in Knights zone.
16:44 of 2nd period - Jason Akeson is hit by Jason Chimera and loses puck.
17:22 of 2nd period - Arturs Kulda is hit by Jason Zucker and loses puck.
17:55 of 2nd period - Snap shot by Derek Stepan.
17:55 of 2nd period - Shot Misses the Net.
Goals for this period are 1 for Knights vs 2 for Sasquatch.
Shots for this period are 11 for Knights vs 11 for Sasquatch.
3rd period
0:01 of 3rd period - Tyler Seguin wins face-off versus D.J King in neutral zone.
0:13 of 3rd period - Snap shot by Derek Stepan.
0:13 of 3rd period - Stopped by Mark Dekanich with a rebound.
0:45 of 3rd period - Slapshot by Garnet Exelby.
0:45 of 3rd period - Shot Misses the Net.
0:51 of 3rd period - Eric Gelinas is hit by Yann Sauvé and loses puck.
1:08 of 3rd period - Andrej Sustr is hit by Jason Zucker and loses puck.
2:17 of 3rd period - Slapshot by Arturs Kulda.
2:17 of 3rd period - Shot Misses the Net.
2:19 of 3rd period - Snap shot by D.J King.
2:19 of 3rd period - Sasquatch goal is going for a video replay.
2:19 of 3rd period - The goal is refused. The referee deems the play has been stopped, even if he had not physically had the opportunity to stop play by blowing his whistle..
2:20 of 3rd period - Mikael Backlund wins face-off versus Tyler Seguin in Knights zone.
2:25 of 3rd period - Snap shot by Mikael Backlund.
2:25 of 3rd period - Stopped by Mark Dekanich with a rebound.
2:37 of 3rd period - Jason Akeson is hit by Jason Chimera and loses puck.
2:48 of 3rd period - Jason Akeson is hit by Garnet Exelby and loses puck.
3:01 of 3rd period - Wrist shot by Joe Colborne.
3:01 of 3rd period - Goal by Joe Colborne - Knights : 2 - Sasquatch : 5.
3:02 of 3rd period - Tyler Seguin wins face-off versus Derek Stepan in neutral zone.
3:15 of 3rd period - Wrist shot by Derek Stepan.
3:15 of 3rd period - Stopped by Mark Dekanich without a rebound.
3:16 of 3rd period - Zack Hamill wins face-off versus Derek Stepan in Knights zone.
4:37 of 3rd period - Off-side.
4:38 of 3rd period - Joe Colborne wins face-off versus Derek Stepan in neutral zone.
5:13 of 3rd period - Snap shot by Jason Chimera.
5:13 of 3rd period - Shot Misses the Net.
5:27 of 3rd period - Wrist shot by Josh Bailey.
5:27 of 3rd period - Stopped by Mark Dekanich without a rebound.
5:28 of 3rd period - Zack Hamill wins face-off versus Josh Bailey in Knights zone.
5:39 of 3rd period - Snap shot by Josh Bailey.
5:39 of 3rd period - Stopped by Mark Dekanich with a rebound.
5:55 of 3rd period - Snap shot by D.J King.
5:55 of 3rd period - Shot Misses the Net.
5:57 of 3rd period - Wrist shot by D.J King.
5:57 of 3rd period - Stopped by Mark Dekanich with a rebound.
5:59 of 3rd period - Wrist shot by D.J King.
5:59 of 3rd period - Shot Blocked by Garnet Exelby.
6:15 of 3rd period - Slapshot by James Wright.
6:15 of 3rd period - Stopped by Braden Holtby with a rebound.
6:17 of 3rd period - Slapshot by Garnet Exelby.
6:17 of 3rd period - Deflect By Linus Omark.
6:17 of 3rd period - Stopped by Braden Holtby with a rebound.
6:19 of 3rd period - Snap shot by James Wright.
6:19 of 3rd period - Shot Blocked by Linus Omark.
6:21 of 3rd period - Wrist shot by Garnet Exelby.
6:21 of 3rd period - Shot Blocked by Linus Omark.
6:23 of 3rd period - Slapshot by Nikita Nikitin.
6:23 of 3rd period - Shot Blocked by Filip Novak.
6:40 of 3rd period - Wrist shot by Aaron Palushaj.
6:40 of 3rd period - Stopped by Braden Holtby with a rebound.
6:42 of 3rd period - Backhand shot by Tomas Kundratek.
6:42 of 3rd period - Shot Misses the Net.
8:27 of 3rd period - Nick Leddy is hit by Garnet Exelby and loses puck.
8:44 of 3rd period - Snap shot by Jason Chimera.
8:44 of 3rd period - Shot Misses the Net.
8:47 of 3rd period - Icing by Andrej Sustr.
8:48 of 3rd period - Tyler Seguin wins face-off versus Drew Shore in Sasquatch zone.
8:49 of 3rd period - Wrist shot by Chris Thorburn.
8:49 of 3rd period - Stopped by Braden Holtby with a rebound.
8:51 of 3rd period - Snap shot by Tyler Seguin.
8:51 of 3rd period - Shot Hit the Post.
8:53 of 3rd period - Slapshot by Eric Gelinas.
8:53 of 3rd period - Deflect By Chris Thorburn.
8:53 of 3rd period - Shot Misses the Net.
8:53 of 3rd period - Puck is out of play.
8:54 of 3rd period - Tyler Seguin wins face-off versus Vitali Yachmenev in Sasquatch zone.
9:20 of 3rd period - Slapshot by Brock Trotter.
9:20 of 3rd period - Shot Blocked by Eric Gelinas.
9:22 of 3rd period - Slapshot by Brock Trotter.
9:22 of 3rd period - Shot Misses the Net.
9:24 of 3rd period - Snap shot by Cam Atkinson.
9:24 of 3rd period - Shot Blocked by Tomas Kundratek.
9:30 of 3rd period - Slapshot by Cam Atkinson.
9:30 of 3rd period - Stopped by Mark Dekanich with a rebound.
9:32 of 3rd period - Slapshot by Cam Atkinson.
9:32 of 3rd period - Shot Misses the Net.
10:27 of 3rd period - Off-side.
10:28 of 3rd period - Joe Colborne wins face-off versus Derek Stepan in neutral zone.
10:35 of 3rd period - Garnet Exelby is hit by D.J King and loses puck.
10:40 of 3rd period - Slapshot by Vitali Yachmenev.
10:40 of 3rd period - Shot Misses the Net.
10:42 of 3rd period - Slapshot by Filip Novak.
10:42 of 3rd period - Stopped by Mark Dekanich with a rebound.
10:53 of 3rd period - Slapshot by Vitali Yachmenev.
10:53 of 3rd period - Deflect By Garnet Exelby.
10:53 of 3rd period - Stopped by Mark Dekanich with a rebound.
10:55 of 3rd period - Backhand shot by D.J King.
10:55 of 3rd period - Shot Misses the Net.
10:57 of 3rd period - Slapshot by Nick Leddy.
10:57 of 3rd period - Shot Misses the Net.
11:01 of 3rd period - Slapshot by D.J King.
11:01 of 3rd period - Stopped by Mark Dekanich without a rebound.
11:02 of 3rd period - Mikael Backlund wins face-off versus Tyler Seguin in Knights zone.
11:03 of 3rd period - Wrist shot by Linus Omark.
11:03 of 3rd period - Shot Blocked by Nicklas Grossman.
11:15 of 3rd period - Wrist shot by Chris Thorburn.
11:15 of 3rd period - Stopped by Braden Holtby without a rebound.
11:16 of 3rd period - Derek Stepan wins face-off versus Zack Hamill in Sasquatch zone.
11:21 of 3rd period - Vitali Yachmenev is hit by Michael Raffl and loses puck.
12:06 of 3rd period - Off-side.
12:07 of 3rd period - Joe Colborne wins face-off versus Stephane Da Costa in neutral zone.
12:07 of 3rd period - Aaron Palushaj is hit by Nick Leddy.
12:11 of 3rd period - Cam Atkinson is hit by Jason Zucker and loses puck.
12:25 of 3rd period - Snap shot by Cam Atkinson.
12:25 of 3rd period - Goal by Cam Atkinson - Knights : 2 - Sasquatch : 6.
12:26 of 3rd period - Derek Stepan wins face-off versus Tyler Seguin in neutral zone.
12:33 of 3rd period - Snap shot by Vitali Yachmenev.
12:33 of 3rd period - Shot Misses the Net.
12:35 of 3rd period - Wrist shot by Derek Stepan.
12:35 of 3rd period - Shot Blocked by Eric Gelinas.
12:37 of 3rd period - Snap shot by Derek Stepan.
12:37 of 3rd period - Stopped by Mark Dekanich with a rebound.
12:51 of 3rd period - Filip Novak is hit by Jimmy Hayes and loses puck.
12:58 of 3rd period - Snap shot by Jimmy Hayes.
12:58 of 3rd period - Shot Blocked by Jason Akeson.
13:18 of 3rd period - Arturs Kulda is hit by James Wright and loses puck.
13:37 of 3rd period - Aaron Palushaj is hit by D.J King and loses puck.
14:00 of 3rd period - Wrist shot by Drew Shore.
14:00 of 3rd period - Shot Blocked by Nicklas Grossman.
14:23 of 3rd period - Michael Stone is hit by Jason Akeson and loses puck.
15:06 of 3rd period - Snap shot by Magnus Paajarvi-Svensson.
15:06 of 3rd period - Stopped by Braden Holtby with a rebound.
15:08 of 3rd period - Snap shot by Eric Gelinas.
15:08 of 3rd period - Stopped by Braden Holtby with a rebound.
15:10 of 3rd period - Wrist shot by Kevin Hayes.
15:10 of 3rd period - Stopped by Braden Holtby without a rebound.
15:11 of 3rd period - Tyler Seguin wins face-off versus Mikael Backlund in Sasquatch zone.
15:15 of 3rd period - Minor Penalty to Andrej Sustr for Hooking.
15:16 of 3rd period - Tyler Seguin wins face-off versus Vitali Yachmenev in Sasquatch zone.
17:15 of 3rd period - Penalty to Andrej Sustr is over, Andrej Sustr is back on ice.
17:15 of 3rd period - Brock Trotter is hit by Garnet Exelby and loses puck.
17:46 of 3rd period - Wrist shot by Josh Bailey.
17:46 of 3rd period - Stopped by Mark Dekanich without a rebound.
17:47 of 3rd period - Mikael Backlund wins face-off versus James Wright in Knights zone.
17:48 of 3rd period - Slapshot by Linus Omark.
17:48 of 3rd period - Shot Misses the Net.
17:50 of 3rd period - Wrist shot by Jason Akeson.
17:50 of 3rd period - Shot Misses the Net.
18:08 of 3rd period - Stephane Da Costa is hit by Zack Hamill and loses puck.
18:33 of 3rd period - Wrist shot by Drew Shore.
18:33 of 3rd period - Stopped by Mark Dekanich with a rebound.
18:35 of 3rd period - Wrist shot by Linden Vey.
18:35 of 3rd period - Stopped by Mark Dekanich without a rebound.
18:36 of 3rd period - Zack Hamill wins face-off versus Derek Stepan in Knights zone.
18:40 of 3rd period - Off-side.
18:41 of 3rd period - Zack Hamill wins face-off versus Derek Stepan in neutral zone.
19:31 of 3rd period - Stephane Da Costa is hit by Joe Colborne and loses puck.
19:38 of 3rd period - Snap shot by Joe Colborne.
19:38 of 3rd period - Shot Blocked by Yann Sauvé.
19:42 of 3rd period - Snap shot by Eric Gelinas.
19:42 of 3rd period - Deflect By Jason Zucker.
19:42 of 3rd period - Stopped by Braden Holtby with a rebound.
19:44 of 3rd period - Slapshot by Tomas Kundratek.
19:44 of 3rd period - Stopped by Braden Holtby with a rebound.
19:58 of 3rd period - Snap shot by Zack Hamill.
19:58 of 3rd period - Shot Misses the Net.
Goals for this period are 1 for Knights vs 1 for Sasquatch.
Shots for this period are 11 for Knights vs 16 for Sasquatch.
Back to the Top